 Dungeon Crawl Stone Soup version 0.30-a0-165-g1891117ce2 (webtiles) character file.

Game seed: 16624331105369237880

44 Zonian the Sneak (level 3, -1/18 HPs)
             Began as a Vine Stalker Brigand on Sept 29, 2022.
             Killed from afar by Natasha (5 damage)
             ... with a magic dart
             ... on level 2 of the Dungeon.
             The game lasted 00:02:15 (1484 turns).

Zonian the Sneak (Vine Stalker Brigand)             Turns: 1484, Time: 00:02:16

Health: -1/18      AC:  4    Str: 17 (19) XL:     3   Next: 62%
Magic:  0/4        EV: 12    Int:  9 (11) God:
Gold:   52         SH:  0    Dex: 14 (17) Spells: 2/2 levels left

rFire   . . .      SeeInvis .    a - +2 dagger
rCold   . . .      Faith    .    (no shield)
rNeg    . . .      Spirit   +    b - +0 robe
rPois   .          Reflect  .    (no helmet)
rElec   .          Harm     .    c - +1 cloak
rCorr   .          Rampage  .    (no gloves)
Will    .....                    (no boots)
Stlth   +++.......               (no amulet)
HPRegen 0.06/turn                l - +6 ring of strength
MPRegen 0.09/turn                (no ring)

@: flying, invisible
A: fangs 2, magic shield, antimagic bite, no potion heal 2
a: no special abilities


You were on level 2 of the Dungeon.
You visited 1 branch of the dungeon, and saw 2 of its levels.

You collected 52 gold pieces.

Inventory:

Hand Weapons
 a - a +2 dagger (weapon)
Missiles
 d - 5 poisoned darts (quivered)
 e - 7 curare-tipped darts
Armour
 b - a +0 robe (worn)
 c - a +1 cloak (worn)
Jewellery
 l - a +6 ring of strength (left hand)
Wands
 k - a wand of flame (13)
Scrolls
 j - a scroll of enchant weapon {unknown}


   Skills:
 + Level 2.2 Fighting
 + Level 2.2 Short Blades
 + Level 2.2 Throwing
 + Level 1.3 Dodging
 + Level 5.2 Stealth


You had 2 spell levels left.
You didn't know any spells.
Your spell library was empty.

Dungeon Overview and Level Annotations

Branches:
Dungeon (2/15)

Altars:
Elyvilon

Annotations:
D:2 Natasha


Innate Abilities, Weirdness & Mutations

You have extremely sharp teeth.
When hurt, damage is shared between your health and your magic reserves.
Your bite disrupts and absorbs the magic of your enemies.
Potions cannot restore your health.


Message History

You closely miss the crimson imp. You bite the crimson imp.
The crimson imp's magic leaks into the air.
You drain its magic.
The crimson imp is moderately wounded.
The crimson imp hits you.
* * * LOW HITPOINT WARNING * * *
You hit the crimson imp.
The crimson imp is moderately wounded.
The crimson imp falters for a moment.
Unknown command.
As you read the scroll labelled GEUGGA NINEURY, it crumbles to dust.
It is a scroll of enchant armour.
Your +0 cloak glows green for a moment.
The crimson imp hits you but does no damage.
You hit the crimson imp. Your bite misses the crimson imp.
The crimson imp is lightly wounded.
The crimson imp disappears for a moment.
The crimson imp hits you but does no damage.
You hit the crimson imp.
The crimson imp is moderately wounded.
The crimson imp barely misses you.
You hit the crimson imp.
The crimson imp is severely wounded.
The crimson imp barely misses you.
It was a potion of degeneration.
There was something very wrong with that liquid.
You feel weakened.
You feel dopey.
You feel clumsy.
Natasha mumbles some strange words.
The crimson imp completely misses you.
It was a potion of flight.
You feel very buoyant.
You fly up into the air.
The crimson imp closely misses you.
It was a potion of invisibility.
You fade into invisibility!
The crimson imp's magic is no longer disrupted.
The crimson imp hits you but does no damage.
The crimson imp disappears in a puff of smoke!
Natasha casts a spell at you. The magic dart hits you!
You die...

#..# ## #..# #.# #...
... ..###h#5##
#.#.)5..(# #.#g#
#...### #
#(###.###.#..#
.#######.5h...@...$.#
........###.........#
.######.# #######$###
#.# # #.## #..# #...
##.# #... ( ######.#
#...# g.. #......#
#...# ##.##


You could see an iron imp (summoned, unable to see you) and Natasha.

Vanquished Creatures
  An adder (D:2)
  A worm (D:2)
  A dart slug (D:1)
  An orc (D:2)
  An endoplasm (D:1)
  3 giant cockroaches
  5 goblins
  A hobgoblin (D:2)
  3 jackals (D:2)
  2 quokkas
  3 ball pythons
  2 bats (D:2)
  A kobold (D:1)
  A rat (D:2)
26 creatures vanquished.

Notes
Turn   | Place    | Note
-------+----------+-------------------------------------------
     0 | D:1      | Zonian the Vine Stalker Brigand began the quest for the
                  | Orb.
     0 | D:1      | Reached XP level 1. HP: 11/11 MP: 2/2
   610 | D:1      | Reached skill level 1 in Dodging
   610 | D:1      | Reached XP level 2. HP: 15/15 MP: 3/3
   621 | D:1      | Reached skill level 5 in Stealth
  1176 | D:2      | Reached XP level 3. HP: 18/18 MP: 4/4
  1253 | D:2      | Found a white marble altar of Elyvilon.
  1460 | D:2      | Noticed Natasha
  1484 | D:2      | Killed from afar by Natasha

Illustrated notes

Levels and vault maps discovered:
D:1:      minmay_arrival_solitary_statue, layout_basic
D:2:      layout_loops_cross, basic_altar, minmay_indecisive_spiral,
          uniq_natasha, uniq_terence, uniq_jessica

Skill      XL: |  1  2 |
---------------+-------+-----
Dodging        | 1 |  1.3
Stealth        | 5 |  5.2
Fighting       | 2 |  2.2
Short Blades   | 2 |  2.2
Throwing       | 2 |  2.2

Action                   || total
-------------------------++-------
Melee: Dagger            ||    53
       Bite              ||    15
Throw: Dart              ||    45
  Use: Potion            ||     3
       Scroll            ||     1
 Stab: Sleeping          ||     2
Armor: Robe              ||    11
Dodge: Dodged            ||    34

Table legend: (Time is in decaauts)
 A = Elapsed time spent in this place.
 B = Non-inter-level travel time spent in this place.
 C = Inter-level travel time spent in this place.
 D = Time resting spent in this place.
 E = Time spent auto-exploring this place.
 F = Levels seen in this place.
 G = Mean time per level.
                   A        B        C        D        E       F      G
               +--------+--------+--------+--------+--------+-----+--------+
         Total |   1474 |   1460 |     14 |    517 |    698 |   2 |  737.0 |
       Dungeon |   1474 |   1460 |     14 |    517 |    698 |   2 |  737.0 |
               +--------+--------+--------+--------+--------+-----+--------+

Top non-repeatable levels by time:
     D:1: 1075 daAuts
     D:2: 399 daAuts
